 Dungeon Crawl Stone Soup version 0.29.1-1-gd02db6906a (webtiles) character file.

Game seed: 15019362177927036141

571 Nonny the Twirler (level 7, -7/40 HPs)
             Began as a Tengu Gladiator on Sept 17, 2022.
             Was a Believer of Okawaru.
             Mangled by an ogre
             ... wielding a +0 giant club
              (25 damage)
             ... on level 4 of the Dungeon.
             The game lasted 00:19:13 (2617 turns).

Nonny the Twirler (Tengu Gladiator)                 Turns: 2617, Time: 00:19:13

Health: -7/40      AC:  8    Str: 17    XL:     7   Next: 34%
Magic:  8/8        EV: 13    Int:  8    God:    Okawaru [**....]
Gold:   169        SH:  0    Dex: 15    Spells: 6/6 levels left

rFire   . . .      SeeInvis .   a - +1 quarterstaff
rCold   . . .      Faith    .   (shield currently unavailable)
rNeg    . . .      Spirit   .   f - +0 scale mail {Will+}
rPois   .          Reflect  .   c - +1 hat
rElec   .          Harm     .   n - +0 cloak
rCorr   .          Rampage  .   (no gloves)
Will    +....                   (boots unavailable)
Stlth   +.........              (no amulet)
HPRegen 0.13/turn               (no ring)
MPRegen 0.11/turn               (no ring)

@: flying quickly and evasively, quick
A: beak, talons 3, nimble flight
a: Renounce Religion, Heroism


You were on level 4 of the Dungeon.
You worshipped Okawaru.
Okawaru was pleased with you.
You visited 1 branch of the dungeon, and saw 4 of its levels.

You collected 169 gold pieces.

Inventory:

Hand Weapons
 a - a +1 quarterstaff (weapon)
Missiles
 d - 2 throwing nets (quivered)
 e - 3 javelins
 m - 3 boomerangs
 o - 10 poisoned darts
Armour
 c - a +1 hat (worn)
 f - a +0 scale mail of willpower (worn)
 n - a +0 cloak (worn)
Wands
 k - a wand of digging (4)
Scrolls
 g - 2 scrolls of teleportation
Potions
 b - a potion of degeneration {unknown}
 h - a potion of cancellation
 i - a potion of curing {unknown}
 j - a potion of might {unknown}
 l - a potion of heal wounds
 p - a potion of lignification


   Skills:
 - Level 2.0 Fighting
 + Level 7.3 Staves
 - Level 2.0 Throwing
 + Level 1.9 Armour
 + Level 4.7 Dodging
 - Level 3.0 Stealth


You had 6 spell levels left.
You didn't know any spells.
Your spell library contained the following spells:

 Spells                   Type           Power      Damage    Failure   Level
 Sandblast                Erth           0%         2d4       83%         1
 Passwall                 Tmut/Erth      0%         N/A       92%         2
 Stone Arrow              Conj/Erth      0%         3d7       99%         3
 Lehudib's Crystal Spear  Conj/Erth      0%         10d2      100%        8
 Animate Armour           Summ/Erth      Unusable   N/A       N/A         4

Dungeon Overview and Level Annotations

Branches:
Dungeon (4/15)
 Temple: D:4-7

Altars:
Okawaru

Shops:
D:1 [   D:4 [


Innate Abilities, Weirdness & Mutations

You have a beak for a mouth.
You have claws for feet.
Your magical nature lets you fly swiftly and evasively.


Message History

The poisoned dart barely misses the ogre.
The poisoned dart closely misses the goblin.
Throw: 12 darts (poison)
Press: ? - help, Shift-Dir - straight line, f/p - ogre
Aim: an ogre, wielding a +0 giant club (75% to hit)
You throw a poisoned dart. The poisoned dart hits the ogre.
You see here a scorpion corpse.
Throw: 11 darts (poison)
Press: ? - help, Shift-Dir - straight line, f/p - ogre
Aim: an ogre, wielding a +0 giant club (75% to hit)
You throw a poisoned dart. The poisoned dart hits the ogre.
There is an open door here.
There is an open door here.
Press: ? - help, v - describe, . - travel
Here: an ogre, wielding a +0 giant club The floor.
There is an open door here.
Things that are here:
a +0 short sword; a stone; a kobold skeleton
There is an open door here.
There is an open door here.
Things that are here:
a +0 short sword; a stone; a kobold skeleton
There is an open door here.
The goblin throws a stone.
The stone barely misses you.
There is an open door here.
Things that are here:
a +0 short sword; a stone; a kobold skeleton You hit the goblin.
You claw the goblin.
You kill the goblin!
Okawaru accepts your kill.
b - a fuming blue potion You now have 169 gold pieces (gained 9).
Things that are here:
a +0 club; 2 stones You sock the ogre!
You claw the ogre. You peck the ogre.
The ogre is heavily wounded.
The ogre hits you with a +0 giant club!!
Ouch! That really hurt!
You die...

........# #.#.# ######..#
###### #.#.#
#..######....###.#.#
#.[....##'##.......#
#....###...#######.#
#######.....## #.#
############......#####.#
..(.(.†g..'..._...).....#
###########.....@O##.####
#......###.# ###...###..#
##'####.## #.O..O.#
########


You could see an ogre.

Vanquished Creatures
  Sigmund (D:3)
  2 scorpions (D:4)
  A hound (D:4)
  A jelly (D:4)
  An iguana (D:4)
  2 orc wizards (D:3)
  10 adders
  A dart slug (D:4)
  4 orcs
  5 ball pythons
  4 giant cockroaches
  7 goblins
  4 hobgoblins
  4 jackals (D:4)
  7 kobolds
  3 quokkas
  5 bats
  7 frilled lizards
  8 rats
77 creatures vanquished.

Vanquished Creatures (others)
  A demonic plant (D:1)
1 creature vanquished.

Grand Total: 78 creatures vanquished

Notes
Turn   | Place    | Note
-------+----------+-------------------------------------------
     0 | D:1      | Nonny the Tengu Gladiator began the quest for the Orb.
     0 | D:1      | Reached XP level 1. HP: 12/12 MP: 2/2
    28 | D:1      | Starting vault: 4 fountains, 4 corners, 4 translucent wall
                  | chambers for them
    42 | D:1      | Found Baxiqa's Antique Armour Emporium.
    46 | D:1      | 270 for a crude scale mail
    73 | D:1      | 4chamb floor
   167 | D:1      | Found a faded altar of an unknown god.
   177 | D:1      | Prayed at the altar of an unknown god.
   177 | D:1      | Became a worshipper of Warmaster Okawaru
   177 | D:1      | Reached * piety under Okawaru
   178 | D:1      | Faded altar vault: metal walls with one half plants and
                  | fungi, one half corrupted and dead plants
   265 | D:1      | Faded altar vault is in the west.
   401 | D:1      | Reached XP level 2. HP: 14/17 MP: 3/3
   516 | D:1      | Book of Geomancy
   767 | D:2      | WOTIDO COETAOS - teleportation
   769 | D:2      | XOACUS FEIPH - blinking
   777 | D:2      | Reached skill level 1 in Stealth
   777 | D:2      | Reached XP level 3. HP: 18/21 MP: 4/4
   964 | D:2      | Reached skill level 4 in Staves
   969 | D:2      | +0 dagger of venom on a goblin.
  1093 | D:2      | +0 scale mail of willpower MR+
  1120 | D:2      | Reached XP level 4. HP: 9/26 MP: 5/5
  1390 | D:3      | LYASA RUPLAEZ - identify
  1390 | D:3      | golden potion - cancellation
  1611 | D:3      | Gained mutation: Your magical nature lets you fly swiftly
                  | and evasively. [Tengu growth]
  1611 | D:3      | Reached XP level 5. HP: 27/30 MP: 6/6
  1629 | D:3      | Reached skill level 5 in Staves
  1664 | D:3      | Book of Armaments
  1664 | D:3      | >Lehudib's Crystal Spear
  1693 | D:3      | Noticed Sigmund
  1705 | D:3      | Killed Sigmund
  1705 | D:3      | Reached ** piety under Okawaru
  1706 | D:3      | Reached skill level 6 in Staves
  1706 | D:3      | Reached XP level 6. HP: 26/35 MP: 7/7
  2039 | D:4      | KOGENK HAICSOS - immolation
  2040 | D:4      | DOYRPH SOQOSIYH - enchant armour
  2041 | D:4      | XOPAEDE NOENT - enchant weapon
  2042 | D:4      | HALAOCWOUH - noise
  2043 | D:4      | ZYIWNU XILIULL - silence
  2149 | D:4      | wand of digging (4)
  2155 | D:4      | wand of charming (9)
  2179 | D:4      | Found an iron altar of Okawaru.
  2239 | D:4      | Found an iron altar of Okawaru.
  2248 | D:4      | clear potion - attraction
  2249 | D:4      | yellow potion - heal wounds
  2251 | D:4      | Reached skill level 1 in Armour
  2251 | D:4      | Reached XP level 7. HP: 26/40 MP: 8/8
  2264 | D:4      | Gee Okawaru, two altars on D:4?
  2354 | D:4      | Reached skill level 7 in Staves
  2373 | D:4      | fizzy white potion - lignification
  2411 | D:4      | Found Qaepha's Armour Shoppe.
  2435 | D:4      | 352 gold for a +0 ring mail with decent resistances.
  2435 | D:4      | rF+ Will+ dex+4
  2487 | D:4      | First ogre.
  2617 | D:4      | Mangled by an ogre

Illustrated notes #.###.#. # #...... #.###.###.#.#.#### #.#####.....###### #.#...#.....#...## #.#.⌠.#.....#.⌠.## ##...#.....#...#### ######....@#####... #######...............##. ......................... .####.#.......<........## #.#...............## #.................# ########.....###### ##...#.....#...## ##.⌠.#.....#.⌠.## Turn 28 on D:1: Starting vault: 4 fountains, 4 corners, 4 translucent wall chambers for them #. #.#...#.... ##.# #.#.⌠.#.... ##... ##...#.... #.... ######.... #...########......... #................. #..####.#.......<. #.###.#.# #.#......... #...@..# #........... ##.#.### ########.... #...# ##...#.... #.### ##.⌠.#.... #. ##...#.... . ######.... #. ########## # Turn 46 on D:1: 270 for a crude scale mail #+## ##...## ##.....## ##.......## #.........# +.........+ #@........# ##.......# ##.....## ##...## # ##'## #.### #.# #.### #.# #.#.. ##.## #.#.⌠ ##...## ##.. Turn 73 on D:1: 4chamb floor #.##P..##.# #.# ##..P....# #.# ###PP.P...### ##.## #.#PP)....#.# ##...## #.P.P..PP.# #.....# #PP.PPP.PP######...### #....P..PP#.....#.#... #...P.PPP.#####..##..# #####@##### #.###.#. #.P..P....# ##...∩.. #PPP..P.PP# ##.#.## #PP.P.P..P# #...# #P........# #.### #.#.PPP.P.#.# #.# ###.P...P.#... ..# #.PPP...# .# #..# #..# Turn 178 on D:1: Faded altar vault: metal walls with one half plants and fungi, one half corrupted and dead plants #..#.## ##.......## ##.### ##.....## #.# ##...## #.# #+## #.# #.# #.# #.########## #...@....... ###########. Turn 265 on D:1: Faded altar vault is in the west.

######.....#####.######.#.##)##
#############.##.#...##.#.#....
#.##..#..........## #######
#.##.##.##.....#.## #.....#
#.#.....##.......## ##.###.#
###.#..#####....†.... .....#.#
#...#...# #.###.##### ##.#.#.#
#......#...# #.# #.....#
#...@..##### #.# ###.### ##.#####
##'## ###.##### #.# ##...##
#.......# #.#### ##.....##
#...###.# #.##.## ##.......##
##...###.#####.#...####.........#
...†..................'.......>.'
##...###.#####.....####.........#
#.......# #.###.# ##.......##


Turn 516 on D:1: Book of Geomancy #. .... [. ... ##. ... .. .. # #b#.###
...###..... .........# #.....@# #.........# ########### Turn 767 on D:2: WOTIDO
COETAOS - teleportation ## #. #. ####### #.#....... #.@....... ###.#....(
........ # #.#.###. ...###..... .........#.# #.....§# .# #.........# ###########
Turn 769 on D:2: XOACUS FEIPH - blinking .# #.# #.## ### ... ... #.# #.######.#
#####....)...# .......@###..# ########'###..# #..........#..# #..........#..#
#..........#..# . ########'###>.# . #.........# ##. #.........# #######..
###.......### #.......# Turn 969 on D:2: +0 dagger of venom on a goblin.
############ ####### ............ ......# .......... ......#.###......#.#
...^).#..........+.# ......####.......#.####### .........#......<#.....S..
#.#.....##......@#.......# #.#.....##.#'#...+.......# #.#.....##.#.#####.......#
#..........#.............. ....#.############........ ....#.#...................
.#..#.#......###########...... ....#.##.....# #.. ..... ##..#.##.....#########.#
..... Turn 1093 on D:2: +0 scale mail of willpower MR+ #### ..# ##.# #.@# ####
Turn 1390 on D:3: LYASA RUPLAEZ - identify #>................+
###'####.##..(......# #.................... #........##.#.#######
#........##.#.# #........##.#.# #........##.#.# ###.#######.#.# #)# #@#.# #)#
#.#.# #.## #.# #..## #.# ##..### #.# ##...###.# ###..##.# ##..#.# # ##.#.#.#
Turn 1664 on D:3: Book of Armaments ## .. .# .# .# .# ######.#####.
#....@....... ....####.#####. . .# ## Turn 2039 on D:4: KOGENK HAICSOS -
immolation ## .. .# .# .# .# ######.#####. #....@....... ....####.#####. . .# ##
Turn 2040 on D:4: DOYRPH SOQOSIYH - enchant armour ## .. .# .# .# .#
######.#####. #....@....... ....####.#####. . .# ## Turn 2041 on D:4: XOPAEDE
NOENT - enchant weapon ## .. .# .# .# .# ######.#####. #....@.......
....####.#####. . .# ## Turn 2042 on D:4: HALAOCWOUH - noise ## .. .# .# .# .#
######.#####. #....@....... ....####.#####. . .# ## Turn 2043 on D:4: ZYIWNU
XILIULL - silence #.#...........###.# #.###########..#..# #. #.#.#.#
#######.....# ..#......### #.#..#...# #... #...# #..#####.#### ##.@.#......#
#...#...##.# #.#....#.# # #.###.###.# #.# ##. #.# ... ###.# ./. #.. ## ##. .#
Turn 2149 on D:4: wand of digging (4) #... #...# #..#####.#### ##...#......#
##...#...##.# ##.#....#.# # # ##.###.###.# #.#####.## ##.##.# #........# ###.#
#.#..@..#.# #.. #.######.. ##. # #.# .# .# .# . .. # Turn 2155 on D:4: wand of
charming (9) #.#.# #.#.# #.#.# ...###.#.# ##+##.......# ##...#######.# #.....#
#.# #.....w#####.# ..._..Ks@....# ......h##.#### ...!..# #.# ##...# ..# ##+#
#.## .. ### Turn 2248 on D:4: clear potion - attraction #.#.# #.#.# #.#.#
...###.#.# ##+##.......# ##...#######.# #.....# #.# #.....w#####.#
..._..Ks@....# ......h##.#### ...!..# #.# ##...# ..# ##+# #.## .. ### Turn 2249
on D:4: yellow potion - heal wounds #.#.# #.#.# ...###.#.# ##+##.......#
##...#######.# #.....## #.# ##......#####.# +..._...).....# #..@....##.####
#......###.# ###...## ..# ##+## #.## .. ### Turn 2264 on D:4: Gee Okawaru, two
altars on D:4? #....###...#######.# #######.....## #.# ###########......#####.#
.....†...'..._...).....# ##########.......##.#### #......###.# ###...## ..#
##'####.## #...@..# ######## Turn 2373 on D:4: fizzy white potion -
lignification #....... ... ... #.###### .. ... #.# #. #.# #.# ###.##.# #.#
.....#.# #.###### #..#o# #....... ###....##### #..##### #....@.....####..#
#.#..#...........# #..#####.####.## #.. ##.## #.# #..####...###.######
#..>........#....... #.#####...#.#.###### #.######.##.#.# <............# Turn
2435 on D:4: 352 gold for a +0 ring mail with decent resistances. ..## ..# ..# #
#.##.# .g.##.##.##..# #.##.## ..##.#.........# #.##... ...............# #.#####
........######## #.....# ...##.##.# #.###.# .... #.##O# #.# #.# #...##.##.#
#.###># ##......##@# #.....# .....#...#.# ###.### #..#......# #.### #........[#
#.../ #..#......# #.#.. #..##...#.# #.#.# #....)....# #.#.# #.###..####
#########.#.# ###.###..# #........[..# Turn 2487 on D:4: First ogre.

Levels and vault maps discovered:
D:1:      minmay_arrival_glassed_features, layout_loops_corners,
          shapermc_ecumenical_altar_gd, serial_shops, nicolae_shop_crystal
D:2:      layout_basic
D:3:      layout_basic, uniq_sigmund
D:4:      layout_loops_ring, okawaru_gym_becter,
          minmay_temple_entry_enclosed_plants, serial_shops, shop,
          kennysheep_small_circle

Skill      XL: |  1  2  3  4  5  6  7 |
---------------+----------------------+-----
Stealth        | 1 2 3 |  3.0
Dodging        | 4 |  4.7
Staves         | 4 6 7 |  7.3
Armour         | 1 |  1.9
Fighting       | |  2.0
Throwing       | |  2.0

Action                   |  1- 3 |  4- 6 |  7- 9 || total
-------------------------+-------+-------+-------++-------
Melee: Quarterstaff      |    65 |    97 |    31 ||   193
       Kick              |    14 |    20 |    12 ||    46
       Peck              |     7 |    15 |     7 ||    29
Throw: Dart              |       |       |     3 ||     3
       Throwing net      |       |       |     2 ||     2
  Use: Scroll            |     2 |     6 |     1 ||     9
       Potion            |       |     2 |       ||     2
 Stab: Sleeping          |     3 |       |       ||     3
Armor: Leather armour    |    14 |       |       ||    14
       Scale mail        |     2 |    43 |    15 ||    60
Dodge: Dodged            |    41 |    67 |    15 ||   123
